Map: Heavy Artillery LE

Players

Massa

  • Race: Terran Terran
  • League: Platinum

qqq

  • Race: Zerg Zerg

Bohnicak - Winner!

  • Race: Terran Terran
  • League: Diamond

Grazl - Winner!

  • Race: Protoss Protoss

VOD

Have the link to the VOD?

Description

Time

  • Played on: April 20, 2021, 3:38 p.m.
  • Length: 10:32
Show
View Real Time Build Order
Export as new Build Order

Massa Terran 

Build Orders:  

Get SALT Encoding   

  12  0:00  SCV  
  13  0:12  SCV  
  14  0:23  Supply Depot  
  14  0:26  SCV  
  15  0:45  SCV  
  15  0:47  Barracks  
  16  0:51  Refinery  
  16  0:57  Barracks  
  16  1:03  SCV  
  17  1:16  SCV  
  18  1:28  SCV  
  19  1:40  SCV  
  19  1:44  Reaper  
  21  1:52  Orbital Command  
  21  1:58  Reaper  
  22  2:02  Supply Depot  
  22  2:17  Reaper  
  23  2:24  SCV  
  23  2:27  Command Center  
  24  2:36  Reaper  
  22  3:13  Reaper x2  
  22  3:17  SCV  
  25  3:29  SCV  
  25  3:30  Refinery  
  25  3:33  Command Center  
  26  3:40  Barracks  
  26  3:41  Orbital Command, Barracks, SCV  
  27  3:52  Barracks Reactor  
  27  3:53  SCV  
  28  4:05  SCV  
  27  4:25  Barracks Tech Lab  
  27  4:29  Marine x2  
  30  4:34  Barracks Tech Lab  
  30  4:35  Barracks Reactor  
  30  4:36  SCV  
  30  4:37  SCV  
  30  4:41  Engineering Bay  
  30  4:43  Engineering Bay  
  30  4:45  Stimpack  
  30  4:46  Marine  
  30  4:47  Marine  
  30  4:49  SCV x2  
  30  4:52  Factory  
  34  4:57  Refinery, Orbital Command  
  34  4:58  Refinery  
  34  5:01  SCV x2  
  34  5:04  Marine  
  34  5:05  Marine  
  38  5:08  Missile Turret  
  38  5:11  Missile Turret  
  38  5:12  Terran Infantry Weapons Level 1  
  38  5:21  Missile Turret  
  38  5:26  Marauder, Marine x2  
  38  5:27  Marine  
  42  5:48  SCV x3  
  44  5:55  Factory Tech Lab  
  44  6:00  SCV x3  
  47  6:05  Terran Infantry Armor Level 1  
  47  6:11  Starport  
  47  6:15  Armory  
  47  6:19  Marauder, Marine x2  
  51  6:27  Barracks Tech Lab  
  48  6:34  Cyclone  
  48  6:35  Marine  
  48  6:37  Marine x2  
  48  6:39  Marine  
  52  6:43  Marine  
  49  6:53  Marine  
  50  6:55  Barracks Tech Lab, Marine  
  50  6:57  Marine  
  50  6:58  Starport Reactor  
  51  7:01  Marine  
  51  7:06  Factory Tech Lab  
  52  7:11  Marine  
  52  7:12  Barracks Tech Lab  
  52  7:13  Marine  
  54  7:18  Combat Shield  
  54  7:20  Marauder, Marine  
  57  7:28  Marine  
  58  7:30  Marine  
  59  7:38  Marine  
  60  7:46  Marine  
  52  8:10  Command Center  
  52  8:13  Command Center  
  52  8:35  Missile Turret  
  52  8:36  Supply Depot  
  33  8:57  Marine x3  
  33  8:58  SCV, Marauder  
  39  9:16  Supply Depot  
  39  9:17  Supply Depot  
  39  9:19  Barracks Reactor  
  39  9:21  SCV, Marine x2, Medivac x2  
  39  9:22  Marauder x2, Siege Tank  
  39  9:23  Orbital Command  
  53  9:25  Orbital Command  
  53  9:34  SCV  
  54  9:41  Supply Depot  
  54  9:43  Marauder  
  56  9:51  Medivac x2  
  60  9:55  Marine x5, Siege Tank  
  66  10:13  Marine  
Show
View Real Time Build Order
Export as new Build Order

qqq Zerg 

Build Orders: Hatch First 

Get SALT Encoding   

  12  0:00  Drone  
  13  0:12  Drone  
  14  0:25  Overlord  
  14  0:45  Hatchery  
  14  0:48  Drone  
  14  0:52  Drone  
  15  0:58  Drone  
  15  1:03  Drone  
  17  1:22  Extractor, Spawning Pool  
  15  1:29  Drone x2  
  17  1:45  Drone x2  
  19  1:56  Drone  
  20  2:04  Drone x2  
  22  2:18  Drone x2  
  22  2:20  Queen  
  22  2:21  Queen  
  28  2:23  Overlord  
  27  2:37  Drone  
  28  2:39  Overlord  
  28  2:40  Metabolic Boost  
  28  2:48  Zergling x2  
  28  2:49  Zergling x4  
  31  2:52  Drone  
  32  3:11  Zergling x4  
  32  3:12  Drone  
  35  3:14  Drone  
  36  3:20  Extractor, Drone  
  36  3:25  Drone  
  37  3:31  Lair  
  37  3:32  Hatchery  
  36  3:34  Drone  
  36  3:36  Drone  
  38  3:42  Overlord  
  38  3:59  Zergling x6  
  38  4:00  Zergling x2  
  41  4:07  Zergling x8  
  43  4:14  Zergling x2  
  43  4:18  Extractor, Drone  
  43  4:25  Zergling x2  
  43  4:29  Drone  
  45  4:36  Spire  
  45  4:37  Drone  
  43  4:57  Drone x7  
  51  5:07  Drone x6  
  51  5:08  Extractor  
  51  5:09  Queen  
  57  5:15  Drone  
  57  5:21  Overlord x2  
  58  5:24  Overlord  
  58  5:28  Overlord  
  58  5:34  Overlord  
  58  5:39  Queen x2  
  62  5:45  Drone x2  
  62  5:46  Drone x2, Overlord x2  
  62  5:47  Zergling x2  
  67  5:53  Drone x4  
  67  5:54  Drone  
  72  6:00  Extractor  
  72  6:02  Extractor  
  72  6:03  Mutalisk, Zerg Flyer Weapons Level 1  
  70  6:06  Mutalisk  
  68  6:14  Mutalisk x2  
  68  6:15  Mutalisk  
  71  6:25  Mutalisk x2  
  75  6:26  Mutalisk, Overlord  
  77  6:37  Mutalisk  
  79  6:51  Mutalisk x2  
  81  6:57  Mutalisk  
  79  7:04  Drone x5  
  79  7:05  Drone x2  
  86  7:12  Mutalisk x2  
  86  7:13  Drone  
  86  7:14  Drone, Zergling x2  
  90  7:32  Hatchery  
  86  7:47  Mutalisk x5  
  90  8:19  Drone x3  
  94  8:20  Drone x6  
  94  8:21  Drone x2  
  101  8:33  Spawning Pool  
  100  8:39  Corruptor x3  
  100  8:41  Drone x2  
  107  8:42  Mutalisk x2  
  112  9:02  Hydralisk Den  
  111  9:18  Mutalisk x4  
  111  9:20  Mutalisk x3  
  125  9:24  Corruptor  
  125  9:26  Drone  
  125  9:28  Overlord x6  
  125  9:29  Overlord  
  125  9:49  Mutalisk x4  
Show
View Real Time Build Order
Export as new Build Order

Bohnicak Terran - Winner!

Build Orders: Reaper Expand 

Get SALT Encoding   

  12  0:00  SCV  
  13  0:12  SCV  
  14  0:17  Supply Depot  
  14  0:24  SCV  
  15  0:39  SCV  
  15  0:40  Barracks  
  16  0:47  Refinery  
  16  0:51  SCV  
  17  1:03  SCV  
  18  1:15  SCV  
  18  1:30  Command Center  
  18  1:38  Orbital Command  
  18  1:43  Reaper  
  19  1:52  Supply Depot  
  19  2:03  Refinery  
  19  2:05  SCV  
  20  2:15  Marine  
  21  2:17  SCV  
  22  2:29  SCV  
  23  2:37  Barracks Reactor, Factory  
  23  2:41  SCV  
  23  2:51  Orbital Command  
  23  3:13  SCV  
  23  3:17  SCV  
  23  3:19  Marine x2  
  27  3:23  Starport  
  27  3:26  SCV  
  28  3:27  Orbital Command  
  28  3:32  Factory Tech Lab  
  29  3:39  Marine x2, Supply Depot  
  29  3:41  SCV  
  31  3:53  SCV  
  32  3:59  SCV  
  32  4:00  Marine  
  32  4:01  Liberator  
  32  4:02  Siege Tank  
  39  4:08  SCV  
  38  4:15  SCV  
  38  4:16  Marine  
  37  4:18  Marine  
  36  4:27  SCV  
  35  4:33  Marine  
  35  4:36  Marine  
  37  4:40  Siege Tank  
  37  4:42  SCV x2  
  42  4:50  Starport Reactor  
  42  4:51  Marine  
  43  4:53  Marine  
  43  4:54  SCV x2  
  46  5:05  Barracks  
  46  5:08  Supply Depot  
  46  5:09  Marine  
  46  5:10  Barracks  
  46  5:11  Marine, Supply Depot  
  46  5:14  SCV  
  49  5:32  SCV x2  
  51  5:36  Marine x2  
  51  5:37  Medivac, Siege Tank  
  51  5:38  Medivac  
  60  5:44  SCV  
  60  5:45  SCV  
  62  5:55  Refinery  
  62  5:57  SCV x2, Supply Depot  
  64  5:58  Refinery  
  64  5:59  Supply Depot  
  64  6:01  Barracks Tech Lab  
  64  6:02  Barracks Tech Lab  
  64  6:09  SCV x2  
  66  6:21  SCV x2  
  66  6:24  Marine x2  
  66  6:25  Marine x2, Stimpack  
  72  6:26  Combat Shield  
  72  6:33  SCV x2  
  74  6:46  SCV x2, Marine  
  74  6:47  Marine x3  
  77  6:48  Medivac, Siege Tank  
  77  6:53  Supply Depot  
  85  7:00  Supply Depot  
  85  7:01  Engineering Bay  
  85  7:02  Supply Depot  
  85  7:04  Marine  
  86  7:15  SCV x2, Medivac  
  90  7:40  Marine  
  90  7:41  Marine x3, Siege Tank  
  91  7:58  Marine x2  
  91  7:59  Marine x2  
  91  8:00  Medivac x2  
  91  8:03  SCV x2  
  87  8:12  Command Center  
  87  8:14  Siege Tank  
  87  8:15  SCV  
  87  8:16  Marine x4  
  87  8:17  Terran Infantry Weapons Level 1  
  87  8:19  Barracks, Engineering Bay  
  95  8:22  Barracks  
  95  8:24  Armory  
  95  8:25  Missile Turret  
  95  8:30  Missile Turret  
  95  8:32  Missile Turret  
  95  8:33  SCV x2  
  97  8:34  Marine x4  
  101  8:45  SCV x2  
  102  8:50  Missile Turret  
  102  8:52  Marine x3  
  99  8:57  SCV x2  
  101  9:09  SCV x2, Marine  
  103  9:10  Marine, Medivac  
  103  9:11  Widow Mine, Marine, Supply Depot  
  110  9:23  Marine, Medivac  
  113  9:34  Marine x2  
  113  9:35  Marine, Missile Turret, Supply Depot  
  116  9:41  Barracks  
  116  9:43  Barracks  
  116  9:45  Barracks  
  113  9:46  Barracks  
  113  9:54  Marine  
  113  9:55  Marine x3  
  113  9:56  Siege Tank  
  113  9:57  Sensor Tower  
  120  10:12  Marine  
  120  10:13  Marine x3  
  118  10:17  Missile Turret  
Show
View Real Time Build Order
Export as new Build Order

Grazl Protoss - Winner!

Build Orders: 1 Gate Expand, Carriers 

Get SALT Encoding   

  12  0:01  Probe  
  13  0:14  Probe  
  14  0:18  Pylon  
  14  0:26  Probe  
  15  0:38  Probe (Chrono Boost)  
  15  0:39  Gateway  
  16  0:46  Assimilator  
  17  0:50  Probe (Chrono Boost)  
  17  0:57  Probe (Chrono Boost)  
  18  1:09  Probe  
  19  1:21  Probe  
  20  1:33  Probe  
  20  1:34  Nexus  
  21  1:48  Cybernetics Core  
  21  1:52  Probe  
  21  1:53  Assimilator  
  22  1:55  Pylon  
  22  2:04  Probe  
  23  2:19  Probe  
  24  2:28  Stargate  
  24  2:33  Probe  
  25  2:39  Assimilator  
  25  2:47  Probe (Chrono Boost)  
  25  2:49  Probe (Chrono Boost)  
  27  2:57  Probe (Chrono Boost)  
  27  2:58  Probe (Chrono Boost)  
  29  3:02  Probe (Chrono Boost)  
  29  3:03  Probe (Chrono Boost), Stargate  
  31  3:07  Void Ray  
  31  3:12  Probe  
  32  3:15  Probe  
  37  3:24  Probe  
  38  3:27  Probe  
  39  3:34  Assimilator  
  39  3:35  Pylon  
  39  3:36  Probe  
  39  3:40  Probe, Pylon  
  39  3:41  Void Ray  
  41  3:47  Void Ray  
  49  3:56  Pylon  
  49  3:59  Pylon  
  49  4:04  Probe x2  
  51  4:16  Probe x2  
  53  4:18  Void Ray  
  53  4:26  Void Ray  
  53  4:28  Probe  
  62  4:50  Forge  
  62  4:53  Pylon  
  62  4:55  Void Ray, Pylon  
  66  5:08  Probe x2  
  66  5:09  Nexus  
  66  5:10  Pylon x2  
  68  5:28  Protoss Air Weapons Level 1  
  68  5:31  Void Ray  
  68  5:34  Photon Cannon  
  68  5:35  Photon Cannon  
  68  5:37  Photon Cannon  
  68  5:39  Shield Battery  
  72  5:43  Void Ray  
  72  5:47  Probe x2  
  78  5:55  Stargate  
  78  5:59  Probe  
  78  6:00  Protoss Shields Level 1  
  79  6:11  Fleet Beacon  
  79  6:12  Probe x2  
  81  6:24  Probe x2  
  83  6:52  Void Ray x3  
  91  7:13  Probe x3  
  94  7:17  Assimilator  
  94  7:20  Assimilator  
  94  7:22  Pylon  
  94  7:24  Pylon  
  94  7:25  Probe x3, Flux Vanes  
  94  7:29  Photon Cannon  
  97  7:37  Probe  
  97  7:39  Protoss Air Weapons Level 2 (Chrono Boost)  
  98  8:04  Carrier x2 (Chrono Boost)  
  110  8:13  Probe  
  110  8:14  Probe x2  
  113  8:22  Carrier (Chrono Boost)  
  113  8:26  Probe x3  
  122  8:37  Stargate  
  122  8:39  Pylon  
  122  8:40  Pylon  
  122  8:42  Pylon  
  122  8:43  Pylon  
  122  8:45  Twilight Council  
  122  8:47  Cybernetics Core  
  122  8:49  Probe x2  
  122  8:50  Probe  
  125  9:00  Carrier  
  125  9:02  Carrier  
  137  9:19  Carrier  
  137  9:20  Nexus  
  137  9:22  Pylon  
  137  9:25  Pylon  
  137  9:27  Assimilator  
  143  9:31  Assimilator  
Tags
 
Add a new tag
Caveats
  • Supply blocks, unpowered buildings, or Contaminate may cause inaccurate times.
  • Supply counts are checked every 10 seconds.